 Dungeon Crawl Stone Soup version 0.24-a0-54-g776a2178cb (webtiles) character file.

Game seed: 17942863463492825863

56765 Flugslaktarn the Severer (level 14, 0/129 HPs)
             Began as a Deep Dwarf Fighter on Feb 4, 2019.
             Was the Champion of Makhleb.
             Slain by an orc knight
             ... wielding a +2 battleaxe
              (32 damage)
             ... on level 1 of the Orcish Mines.
             The game lasted 00:12:55 (13631 turns).

Flugslaktarn the Severer (Deep Dwarf Fighter)      Turns: 13631, Time: 00:12:56

Health: 0/129      AC: 22    Str: 26    XL:     14   Next: 43%
Magic:  11/11      EV:  4    Int:  9    God:    Makhleb [******]
Gold:   1705       SH: 13    Dex: 12    Spells: 13/13 levels left

rFire    + + .     SeeInvis .   F - +7 broad axe of the Blowfly {chop, MR+ Str+3 Dex-3 Stlth+}
rCold    + . .     Gourm    .   c - +0 shield
rNeg     + . .     Faith    .   a - +0 gold dragon scales
rPois    +         Spirit   .   (no helmet)
rElec    .         Reflect  .   (no cloak)
rCorr    .         Harm     .   O - +2 pair of gloves {Dex+3}
MR       +++..                  G - +0 pair of boots
Stlth    ..........             r - amulet of rage
HPRegen  0.00/turn              s - +4 ring of slaying
MPRegen  0.12/turn              f - ring of protection from fire

@: non-regenerating
A: damage resistance, heal wounds, hooves 1, negative energy resistance 1, sense
surroundings 2, weak 1, no regeneration
a: Heal Wounds, Minor Destruction, Lesser Servant of Makhleb, Major Destruction,
Greater Servant of Makhleb, Renounce Religion, Evoke Berserk Rage


You were on level 1 of the Orcish Mines.
You worshipped Makhleb.
Makhleb was exalted by your worship.
You were very hungry.

You visited 4 branches of the dungeon, and saw 20 of its levels.
You also visited: Sewer and Volcano.

You collected 2615 gold pieces.
You spent 910 gold pieces at shops.

Inventory:

Hand Weapons
 F - the +7 broad axe of the Blowfly (weapon) {chop, MR+ Str+3 Dex-3 Stlth+}
   (You acquired it on level 11 of the Dungeon)

   It inflicts extra damage upon your enemies.
   It affects your strength (+3).
   It affects your dexterity (-3).
   It affects your resistance to hostile enchantments.
   It makes you more stealthy.
 T - the +8 frozen axe "Frostbite" {freezing cloud, *Noise +Fly rC+}
   (You found it on level 6 of the Lair of Beasts)

   It has been specially enchanted to freeze those struck by it, causing extra
   injury to most foes and up to half again as much damage against particularly
   susceptible opponents.
   It can also slow down cold-blooded creatures.
   It protects you from cold.
   It lets you fly.
   It may make noises in combat.
Armour
 a - +0 gold dragon scales (worn)
 c - a +0 shield (worn)
 G - a +0 pair of boots (worn)
 O - a +2 pair of gloves of dexterity (worn)
Jewellery
 f - a ring of protection from fire (right hand)
 i - an uncursed ring of magical power {unknown}
 m - an uncursed ring of protection from magic
 q - a +2 amulet of reflection
 r - an amulet of rage (around neck)
 s - a +4 ring of slaying (left hand)
 w - a cursed ring of resist corrosion {unknown}
 K - an uncursed amulet of faith {unknown}
 M - an uncursed ring of magical power {unknown}
 S - a cursed ring of teleportation {unknown}
Wands
 e - a wand of clouds (10) {@v3}
 z - a wand of acid (6) {@v2}
 D - a wand of iceblast (18) {@v4}
Scrolls
 g - 2 scrolls of blinking {unknown}
 h - 3 scrolls of enchant weapon
 j - 2 scrolls of magic mapping {unknown}
 l - a scroll of holy word {unknown}
 n - 2 scrolls of identify {@r1}
 p - 8 scrolls of remove curse {@r2}
 t - a scroll of noise {unknown}
 v - a scroll of immolation
 x - a scroll of summoning {unknown}
 y - 4 scrolls of fog {unknown}
 C - 7 scrolls of teleportation {@r3}
 H - 3 scrolls of enchant armour
Potions
 b - 4 potions of flight
 d - 2 potions of might {@q4}
 k - 4 potions of invisibility
 o - 3 potions of cancellation
 u - 2 potions of heal wounds {@q2}
 A - a potion of lignification {unknown}
 B - 8 potions of curing {@q1}
 I - 2 potions of haste {unknown}
 J - a potion of mutation
 L - a potion of magic {unknown}
 N - a potion of brilliance {unknown}
 P - 3 potions of berserk rage
 R - 2 potions of agility {unknown}
Comestibles
 E - 33 rations {@e1}


   Skills:
 + Level 9.3 Fighting
 * Level 16.4 Axes
 + Level 10.9 Armour
 + Level 10.9 Shields
 + Level 12.0 Invocations
 + Level 9.9 Evocations


You had 13 spell levels left.
You didn't know any spells.
Your spell library was empty.

Dungeon Overview and Level Annotations

Branches:
Dungeon (11/15)            Temple (1/1) D:7            Lair (6/6) D:8
 Shoals (0/4) Lair:3        Snake (0/4) Lair:3        Slime (0/5) Lair:5
    Orc (2/2) D:11
    Elf: Orc:2

Altars:
Ashenzari
Dithmenos
Elyvilon
Fedhas
Gozag
Hepliaklqana
Kikubaaqudgha
Makhleb
Nemelex Xobeh
Okawaru
Qazlal
Trog
Uskayaw
Vehumet
Xom
Yredelemnul
Zin
Beogh

Shops:
D:4 =   D:7 *

Portals:
Trove: D:11 (give +3 shadow dragon scales)

Annotations:
D:8 2 transporters, Camlann's ghost, novice DsMo
Lair:3 1 runed translucent door


Innate Abilities, Weirdness & Mutations

You are resistant to damage.
You can heal yourself by infusing magical energy.
You resist negative energy. (rN+)
You passively map the area around you.
You do not regenerate.
You have large cloven feet.
You are weak. (Str -2)


Message History

The orc warrior hits you with a +0 long sword of protection!
The orc knight hits you with a +0 long sword!!
You climb upwards.
There is a stone staircase leading down, spattered with blood here.
The orc knight hits you with a +2 battleaxe!
* * * LOW HITPOINT WARNING * * *
The orc knight hits you with a +0 long sword!
* * * LOW HITPOINT WARNING * * *
Okay, then.
Unknown command.
You block the orc warrior's attack.
The orc knight no longer looks unusually strong.
The orc knight roars a battlecry!
The orc knight goes into a battle-frenzy!
Okay, then.
You feel much better.
The orc warrior hits you with a +0 long sword of protection!!
* * * LOW HITPOINT WARNING * * *
The orc knight hits you with a +2 battleaxe!!
You die...

..#......#....#.....##
...#.....(#(#(......##
..##....#.(((.#......##
..#......#.(..(.......#
.........#....#......## ###
#.........(#(..#....#####.##
......#..............#.....#
..........................##
................@#......###
...............oo###.####
.................#####
..............#o..#.##
..#.#......#.........##
.....^..).............##
.##....<>..#.....#.....#
......)...............##
......[.........##.####


You could see 2 orc knights and an orc warrior.

Vanquished Creatures
  An orc warlord (Orc:1)
  Erolcha (Orc:1)
  6 hydras
  A catoblepas (Lair:6)
  5 two-headed ogres
  3 death yaks (Lair:6)
  Nergalle (Lair:3)
  An unseen horror (D:11)
  2 lindwurms
  3 orc knights (Orc:2)
  2 wolf spiders (Lair:6)
  An ugly thing (D:11)
  2 manticores (Lair:6)
  3 salamanders (Volcano)
  Joseph (D:8)
  A centaur zombie (D:11)
  10 elephants
  13 spiny frogs
  5 black mambas
  5 komodo dragons
  7 trolls
  A queen bee (Lair:2)
  A polar bear (Lair:3)
  28 blink frogs
  8 hippogriffs
  2 dream sheep (Lair:6)
  A spriggan (D:8)
  A vampire (D:11)
  A basilisk (Lair:2)
  2 wyverns
  2 fire bats (Volcano)
  22 yaks
  3 hungry ghosts (D:11)
  Grum (D:9)
  3 nagas (Lair:3)
  4 wargs
  A hell hound (Volcano)
  19 water moccasins
  6 porcupines
  23 orc warriors
  3 sky beasts
  3 ice beasts
  2 black bears
  5 ogres
  4 phantoms
  17 wolves
  10 centaurs
  7 crocodiles
  8 bullfrogs
  4 scorpions
  2 troll zombies (D:11)
  5 wights (D:10)
  29 killer bees
  A howler monkey (D:4)
  5 crimson imps
  A quasit (D:10)
  5 hounds
  5 jellies
  2 bullfrog skeletons (D:5)
  17 orc priests
  3 centaur skeletons
  32 orc wizards
  2 iguanas
  12 worker ants
  4 ogre zombies (D:11)
  A hound skeleton (D:10)
  2 howler monkey skeletons (D:5)
  A worker ant zombie (D:5)
  9 adders
  A shadow imp (D:5)
  2 oozes
  An adder skeleton (D:10)
  3 dart slugs
  9 leopard geckos
  97 orcs
  3 ball pythons (Sewer)
  9 giant cockroaches
  4 goblins
  4 hobgoblins
  6 jackals (D:5)
  4 kobolds
  3 quokkas
  A ball python zombie (D:6)
  6 bats
  7 frilled lizards
  A giant cockroach zombie (D:5)
  2 goblin skeletons (D:11)
  2 goblin zombies (D:11)
  4 hobgoblin zombies
  A jackal skeleton (D:7)
  A kobold zombie (D:8)
  3 orc skeletons (D:11)
  11 orc zombies
  A quokka skeleton (D:5)
  2 rats
  2 fungi
  5 plants
599 creatures vanquished.

Vanquished Creatures (collateral kills)
  A hydra (Lair:2)
  A blink frog (Lair:2)
  A porcupine (Lair:1)
3 creatures vanquished.

Vanquished Creatures (others)
  A centaur (D:6)
  2 fungi (Lair:6)
  A plant (Lair:6)
4 creatures vanquished.

Grand Total: 606 creatures vanquished

Notes
Turn   | Place    | Note
-------+----------+-------------------------------------------
     0 | D:1      | Flugslaktarn the Deep Dwarf Fighter began the quest for the
                  | Orb.
     0 | D:1      | Reached XP level 1. HP: 20/20 MP: 1/1
   189 | D:2      | Found a shadowy altar of Dithmenos.
   192 | D:2      | Reached skill level 3 in Axes
   192 | D:2      | Reached XP level 2. HP: 22/27 MP: 2/2
   300 | D:2      | Reached XP level 3. HP: 24/33 MP: 3/3
   305 | D:2      | Reached skill level 4 in Axes
   435 | D:3      | Found a hide-covered altar of Uskayaw.
   435 | D:3      | Found a bloodstained altar of Trog.
   646 | D:3      | Found a glowing drain.
   673 | Sewer    | Entered a sewer
   688 | Sewer    | Reached XP level 4. HP: 40/40 MP: 4/4
   730 | Sewer    | Reached skill level 5 in Axes
   867 | Sewer    | Noticed a bullfrog
   867 | Sewer    | Noticed a bullfrog
   876 | Sewer    | Killed a bullfrog
   876 | Sewer    | Reached skill level 6 in Axes
   876 | Sewer    | Reached XP level 5. HP: 30/46 MP: 5/5
  1350 | D:4      | Reached skill level 7 in Axes
  1353 | D:4      | Reached XP level 6. HP: 41/55 MP: 6/6
  1456 | D:4      | Reached skill level 8 in Axes
  1478 | D:4      | Reached XP level 7. HP: 36/61 MP: 7/7
  1534 | D:4      | Reached skill level 9 in Axes
  1612 | D:4      | Found Nofi's Jewellery Shoppe.
  2022 | D:5      | Entered Level 5 of the Dungeon
  2034 | D:5      | Found a burning altar of Makhleb.
  2043 | D:5      | Became a worshipper of Makhleb the Destroyer
  2141 | D:5      | Reached skill level 1 in Invocations
  2227 | D:5      | Reached XP level 8. HP: 37/68 MP: 7/9
  2320 | D:5      | Reached skill level 10 in Axes
  2390 | D:5      | Reached * piety under Makhleb
  2470 | D:5      | You fall through a shaft for 2 floors!
  2499 | D:7      | Found a staircase to the Ecumenical Temple.
  2781 | D:7      | Gained mutation: You passively map the area around you.
                  | [Deep Dwarf growth]
  2781 | D:7      | Reached XP level 9. HP: 22/78 MP: 10/10
  2966 | D:7      | Reached ** piety under Makhleb
  2966 | D:7      | Reached skill level 11 in Axes
  2966 | D:7      | Reached skill level 5 in Armour
  3013 | D:6      | Reached skill level 5 in Shields
  3022 | D:5      | Found a sparkling altar of Nemelex Xobeh.
  3022 | D:5      | Found a shattered altar of Ashenzari.
  3025 | D:5      | Found a hazy altar of Hepliaklqana.
  3069 | D:6      | Found a stormy altar of Qazlal.
  3263 | D:6      | Reached skill level 5 in Invocations
  3445 | D:6      | Gained mutation: You are weak. (Str -2) [potion of
                  | mutation]
  3445 | D:6      | Gained mutation: You have large cloven feet. [potion of
                  | mutation]
  3653 | D:7      | Reached skill level 5 in Fighting
  3660 | D:7      | Found a white marble altar of Elyvilon.
  3719 | D:7      | Found Entad's Lightly-Used Armoury.
  3997 | D:8      | Found a transporter.
  4002 | D:8      | Found a transporter.
  4002 | D:8      | Noticed Camlann's ghost (novice DsMo)
  4168 | D:8      | Noticed Joseph
  4197 | D:8      | Killed Joseph
  4197 | D:8      | Reached *** piety under Makhleb
  4197 | D:8      | Reached skill level 12 in Axes
  4197 | D:8      | Reached XP level 10. HP: 58/88 MP: 10/10
  4439 | D:8      | Found a staircase to the Lair.
  4444 | D:8      | Found a glowing silver altar of Zin.
  4478 | D:8      | Found a shimmering altar of Xom.
  4483 | D:8      | Noticed a two-headed ogre
  4498 | D:8      | Killed a two-headed ogre
  4932 | D:9      | Found a roughly hewn altar of Beogh.
  5033 | D:9      | Reached **** piety under Makhleb
  5151 | D:9      | Noticed Grum
  5162 | D:9      | Killed Grum
  5162 | D:9      | Reached skill level 1 in Evocations
  5362 | D:9      | Found an iron altar of Okawaru.
  5420 | D:9      | Found a radiant altar of Vehumet.
  5468 | D:10     | Entered Level 10 of the Dungeon
  5511 | D:10     | Reached skill level 13 in Axes
  5583 | D:10     | Reached XP level 11. HP: 87/97 MP: 9/9
  5671 | D:10     | Reached ***** piety under Makhleb
  6425 | D:11     | Found a staircase to the Orcish Mines.
  6477 | D:11     | Identified 4 scrolls of acquirement
  6482 | D:11     | Got an ichor-stained broad axe
  6483 | D:11     | Identified the +7 broad axe of the Blowfly {chop, MR+ Str+3
                  | Dex-3 Stlth+} (You acquired it on level 11 of the Dungeon)
  6662 | D:7      | Bought -2 gold dragon scales for 910 gold pieces
  6697 | Temple   | Entered the Ecumenical Temple
  6959 | D:11     | Noticed a two-headed ogre
  6966 | D:11     | Killed a two-headed ogre
  6990 | D:11     | Killed an unseen horror
  7135 | D:11     | Noticed a cyan ugly thing
  7142 | D:11     | Killed a cyan ugly thing
  7191 | D:11     | Found a portal to a secret trove of treasure.
  7373 | D:11     | Noticed a two-headed ogre
  7380 | D:11     | Killed a two-headed ogre
  7797 | Lair:1   | Entered Level 1 of the Lair of Beasts
  7940 | Lair:1   | Noticed a six-headed hydra
  7977 | Lair:1   | Killed an 11-headed hydra
  8101 | Lair:1   | Reached skill level 5 in Evocations
  8599 | Lair:2   | Reached skill level 14 in Axes
  8599 | Lair:2   | Reached XP level 12. HP: 91/109 MP: 10/10
  8753 | Lair:2   | Noticed a four-headed hydra
  8776 | Lair:2   | Killed a four-headed hydra
  9531 | Lair:3   | Reached skill level 10 in Invocations
  9660 | Lair:3   | Found a staircase to the Snake Pit.
  9714 | Lair:3   | Noticed Nergalle
  9725 | Lair:3   | Killed Nergalle
  9759 | Lair:3   | Reached ****** piety under Makhleb
  9864 | Lair:3   | Found a staircase to the Shoals.
 10113 | Lair:3   | Found a runed translucent door.
 10174 | Lair:4   | Noticed an eight-headed hydra
 10186 | Lair:4   | Killed a 14-headed hydra
 10186 | Lair:4   | Reached skill level 15 in Axes
 10218 | Lair:4   | Reached XP level 13. HP: 78/117 MP: 11/11
 10424 | Lair:4   | Found a blossoming altar of Fedhas.
 11074 | Lair:5   | Reached skill level 10 in Armour
 11074 | Lair:5   | Reached skill level 10 in Shields
 11124 | Lair:5   | Found a dark tunnel.
 11266 | Volcano  | Entered a volcano
 11568 | Lair:5   | Found a staircase to the Slime Pits.
 11833 | Lair:6   | Entered Level 6 of the Lair of Beasts
 12160 | Lair:6   | Noticed a blizzard demon
 12182 | Lair:6   | Reached skill level 16 in Axes
 12186 | Lair:6   | Found a basalt altar of Yredelemnul.
 12329 | Lair:6   | Gained mutation: You resist negative energy. (rN+) [Deep
                  | Dwarf growth]
 12329 | Lair:6   | Reached XP level 14. HP: 108/127 MP: 12/12
 12597 | Lair:6   | Found the +8 frozen axe "Frostbite" {freezing cloud, *Noise
                  | +Fly rC+}
 13081 | Orc:1    | Entered Level 1 of the Orcish Mines
 13156 | Orc:1    | Noticed an orc warlord
 13169 | Orc:1    | Killed an orc warlord
 13181 | Orc:1    | Noticed Erolcha
 13188 | Orc:1    | Killed Erolcha
 13522 | Orc:2    | Entered Level 2 of the Orcish Mines
 13631 | Orc:1    | Slain by an orc knight

Vault maps used:
D:1:      sevenhm_arrival_forest_fort_large_2
D:2:      nicolae_dithmenos_shadow_blocks, kennysheep_generic_room_10
D:3:      chequers_temple_overflow_statue_of_worship, portal_sewer_entry_f,
          serial_forest, infiniplex_forest_fountain,
          infiniplex_forest_straight_1, infiniplex_forest_lined_3,
          infiniplex_forest_lined_3, infiniplex_forest_straight_2,
          infiniplex_forest_end_double, infiniplex_forest_clump_small,
          infiniplex_forest_clump_diagonal, infiniplex_forest_lined_room_2,
          grunt_decor_cap
D:4:      serial_shops, shop
D:5:      makhleb_grotto_becter, nicolae_overflow_hidden_temple, first_ration,
          serial_undead, serial_undead_c, serial_undead_c, serial_undead_e,
          serial_undead_d
D:6:      old_standard_altar
D:7:      minmay_flawed_box, minmay_temple_entry_slanted, minmay_shop_damaged,
          elyvilon_altar_3
D:8:      zin_statuary, kennysheep_mini, lair_entry_dummy,
          gammafunk_ghost_mausoleum, the_bakery, minmay_mini_ossuary,
          uniq_joseph
D:9:      old_standard_altar, vehumet_altar_wand_db, special_room,
          serial_rivers, chequers_serial_rivers_micro_b,
          chequers_serial_rivers_room_a, chequers_serial_rivers_micro_d,
          chequers_serial_rivers_micro_a, chequers_serial_rivers_marsh,
          chequers_serial_rivers_room_a, uniq_grum
D:11:     zombieorc1_lemuel, enter_trove_6, kennysheep_generic_room_16
Temple:   compressed_dpeg_triangle_lava_temple
Lair:1:   minmay_hedge_maze
Lair:2:   special_room, beast_lair_carwin_3
Lair:3:   gammafunk_mikee_crab_dinner, minmay_shoals_entry_centaurs,
          minmay_snake_entry_guardpost_small, serial_bayou_shore_b,
          grunt_megastairs_2, uniq_nergalle
Lair:4:   basic_altar, beast_lair_carwin_9
Lair:5:   nicolae_slime_entry_slimehenge, nicolae_volcano_entry_vermiform,
          grunt_megastairs_4, lemuel_fruit_fields
Lair:6:   hangedman_lair_in_review, basic_altar
Orc:1:    rock_pile, uniq_erolcha
Orc:2:    pf_orc_diabolical, gauntlet_entry_generic, guppyfry_orc_lava_fort
Sewer:    sewer_frog_island_01
Volcano:  volcano_village

Skill      XL: |  1  2  3  4  5  6  7  8  9 10 11 12 13 14 |
---------------+-------------------------------------------+-----
Axes           | 3 4 6 7 8 9 10 12 13 14 15 16 | 16.4
Invocations    | 1 3 6 7 9 10 11 12 | 12.0
Fighting       | 4 5 6 7 8 9 |  9.3
Armour         | 4 6 7 8 9 10 | 10.9
Shields        | 4 6 7 8 9 10 | 10.9
Evocations     | 1 5 7 9 |  9.9

Action                   |  1- 3 |  4- 6 |  7- 9 | 10-12 | 13-15 || total
-------------------------+-------+-------+-------+-------+-------++-------
Melee: War axe           |   125 |   203 |   514 |   392 |       ||  1234
       Kick              |       |       |    25 |    81 |       ||   106
       Broad axe         |       |       |       |   309 |   272 ||   581
       Executioner's axe |       |       |       |       |    85 ||    85
Invok: Lesser Servant of |       |       |       |     5 |     7 ||    12
       Greater Servant o |       |       |       |       |     1 ||     1
 Abil: Heal Wounds       |     2 |     3 |    18 |    13 |    12 ||    48
Evoke: Wand              |       |       |       |     2 |     4 ||     6
  Use: Potion            |       |       |     5 |       |     2 ||     7
       Scroll            |       |       |    10 |     9 |     1 ||    20
  Eat: Chunk             |       |     3 |     6 |    18 |     7 ||    34
       Ration            |       |       |     1 |     3 |     1 ||     5
Armor: Scale mail        |    22 |       |       |       |       ||    22
       Plate armour      |   101 |   156 |   274 |   140 |       ||   671
       Gold dragon scale |       |       |       |   251 |   368 ||   619
Dodge: Dodged            |    30 |    39 |    73 |   114 |    90 ||   346
Block: Shield            |    86 |   130 |   323 |   406 |   247 ||  1192
       Reflection        |       |       |     8 |       |       ||     8

Table legend:
 A = Non-vault XP
 B = Vault XP
 C = Vault XP percentage of total XP
 D = Non-vault monster count
 E = Vault monster count
 F = Vault count percentage of total count
                 A         B        C        D         E       F
            +---------+---------+-------+---------+---------+-------
      Total |   52933 |   28160 |  34.7 |     406 |     190 |  31.9
            +---------+---------+-------+---------+---------+-------
        D:1 |       7 |       0 |   0.0 |       4 |       0 |   0.0
        D:2 |      57 |       0 |   0.0 |      16 |       0 |   0.0
        D:3 |      20 |      11 |  35.5 |       9 |       4 |  30.8
        D:4 |     799 |       0 |   0.0 |      35 |       0 |   0.0
        D:5 |     605 |     134 |  18.1 |      29 |       7 |  19.4
        D:6 |    1413 |       0 |   0.0 |      32 |       0 |   0.0
        D:7 |    1770 |     275 |  13.4 |      28 |       7 |  20.0
        D:8 |    1830 |     721 |  28.3 |      13 |       6 |  31.6
        D:9 |    1636 |     765 |  31.9 |      16 |      32 |  66.7
       D:10 |    2447 |       0 |   0.0 |      34 |       0 |   0.0
       D:11 |    5114 |     964 |  15.9 |      23 |      29 |  55.8
     Lair:1 |    3107 |       0 |   0.0 |      13 |       0 |   0.0
     Lair:2 |    6209 |    3003 |  32.6 |      25 |      25 |  50.0
     Lair:3 |    3971 |    1842 |  31.7 |      23 |       9 |  28.1
     Lair:4 |    4726 |     967 |  17.0 |      18 |       4 |  18.2
     Lair:5 |    5666 |     785 |  12.2 |      15 |       5 |  25.0
     Lair:6 |    8064 |   10688 |  57.0 |      27 |      21 |  43.8
      Orc:1 |    4563 |    1944 |  29.9 |      32 |       4 |  11.1
      Orc:2 |     929 |    2777 |  74.9 |      14 |      11 |  44.0
      Sewer |       0 |     234 | 100.0 |       0 |      17 | 100.0
    Volcano |       0 |    3050 | 100.0 |       0 |       9 | 100.0
            +---------+---------+-------+---------+---------+-------
